 Dungeon Crawl Stone Soup version 0.19.5 (webtiles) character file.

2229 misty the Basher (level 9, -2/79 HPs)
             Began as a Minotaur Berserker on Mar 21, 2017.
             Was an Elder of Trog.
             Killed from afar by Erica (21 damage)
             ... with a bolt of poison
             ... on level 8 of the Dungeon on Mar 23, 2017.
             The game lasted 00:24:58 (4358 turns).

misty the Basher (Minotaur Berserker)               Turns: 4358, Time: 00:24:58

Health: -2/79      AC: 14    Str: 25    XL:     9   Next: 14%
Magic:  8/8        EV:  9    Int:  4    God:    Trog [****..]
Gold:   374        SH:  0    Dex: 10    Spells: 0 memorised, 8 levels left

rFire  . . .     SeeInvis .     v - +0 flail
rCold  . . .     Gourm    .     g - +0 chain mail
rNeg   . . .     Faith    .     (no shield)
rPois  .         Spirit   .     (helmet restricted)
rElec  .         Reflect  .     t - +0 cloak
rCorr  .         Harm     .     w - +0 pair of gloves
MR     .....                    j - +0 pair of boots
Stlth  ..........               (no amulet)
                                (no ring)
                                (no ring)

@: lethally poisoned (-2 -> -38)
A: retaliatory headbutt, horns 2
a: Berserk, Trog's Hand, Brothers in Arms, Burn Spellbooks, Renounce Religion


You were on level 8 of the Dungeon.
You worshipped Trog.
Trog was greatly pleased with you.
You were not hungry.

You visited 2 branches of the dungeon, and saw 9 of its levels.
You also visited: Sewer.

You collected 374 gold pieces.

Inventory:

Hand Weapons
 a - a +0 mace
 m - a +0 falchion
 r - a +0 flail
 v - a +0 flail (weapon)
 z - a +0 dagger of pain
 B - a +1 scythe of freezing
 I - a +0 shortbow
 L - a +0 lajatang
Missiles
 J - 19 arrows
Armour
 b - a +0 animal skin
 g - a +0 chain mail (worn)
 j - a +0 pair of boots (worn)
 p - a +0 robe
 t - a +0 cloak (worn)
 w - a +0 pair of gloves (worn)
 x - a +0 ring mail
 y - a +2 leather armour of fire resistance
Jewellery
 D - the amulet "Azaunoamn" {Inacc Int+2}
   (You found it on level 4 of the Dungeon)

   [amulet of inaccuracy]

   It reduces the accuracy of all your attacks.
   It affects your intelligence (+2).
Wands
 u - a wand of enslavement (11/24)
 A - a wand of paralysis (9/24)
 E - a wand of polymorph (7/24)
Scrolls
 f - 2 scrolls of enchant weapon {unknown}
 h - 4 scrolls of remove curse
 i - 2 scrolls of identify
 k - 2 scrolls of teleportation {unknown}
 l - a scroll of enchant armour {unknown}
 n - 2 scrolls of immolation
 o - a scroll of fog {unknown}
 q - a scroll of magic mapping {unknown}
 s - 3 scrolls of fear
Potions
 e - 2 potions of curing
 C - a potion of agility {unknown}
 F - a potion of haste
 G - a potion of heal wounds
 H - a potion of flight
 K - a potion of might {unknown}
Comestibles
 c - 3 bread rations
 d - 2 meat rations


   Skills:
 + Level 7.2 Fighting
 + Level 11.3 Maces & Flails
 + Level 6.6 Armour
 + Level 3.5 Dodging
 + Level 1.2 Stealth


You had 8 spell levels left.
You didn't know any spells.

Dungeon Overview and Level Annotations

Branches:
Dungeon (8/15)             Temple (1/1) D:6
   Lair: D:8-11

Altars:
Ashenzari
Cheibriados
Fedhas
Gozag
Hepliaklqana
Kikubaaqudgha
Makhleb
Nemelex Xobeh
Okawaru
Qazlal
Ru
Sif Muna
Uskayaw
Xom
Yredelemnul
Zin

Annotations:
D:8 Erica


Innate Abilities, Weirdness & Mutations

You reflexively headbutt those who attack you in melee.
You have a pair of horns on your head.


Message History

You feel less confused.
Erica points at you and mumbles some strange words.
The bolt of poison hits you!
You are poisoned.
You feel sick. Erica gestures at you while chanting.
The bolt of poison hits you!
You are more poisoned.
You feel sick.
Erica points at you and mumbles some strange words.
The orb of energy hits you!
* * * LOW HITPOINT WARNING * * *
* * * LOW HITPOINT WARNING * * *
You feel sick.
* * * LOW HITPOINT WARNING * * *
You feel sick.
Erica points at you and mumbles some strange words.
The bolt of poison hits you!
You are lethally poisoned!
You die...

.#........####...........)
..........####.###..###+#.
#.........##...###..#.....
..#.......##....##..#.....
.............._..........#
...........##....##.......
........@..###...##.......
#...#####..###.####.......
#...###..@.....####..##.##
+.........................
#....##..............##...
#### #...##..#......##.##
.......##..#......##...
........##..#.....##....
#........##..#.....##..#.
...#.....##..+.........#.
...##....##..#.....##..#.


You could see Erica.

Vanquished Creatures
  The ghost of Reinor the Magician, a novice DsAE of Sif Muna (D:4)
  Sigmund (D:4)
  Eustachio (D:4)
  An ice beast (D:5)
  A black bear (D:7)
  4 ogres
  A centaur (D:8)
  A big kobold (Sewer)
  2 bullfrogs
  A water moccasin skeleton (D:6)
  A howler monkey (D:5)
  A crimson imp (D:5)
  2 orc priests
  A jelly (D:7)
  A gnoll shaman (D:5)
  3 hounds
  4 orc wizards
  Jessica (D:2)
  An iguana (D:5)
  Ijyb (D:2)
  A worker ant (D:4)
  A killer bee zombie (D:7)
  A hound skeleton (D:4)
  Robin (D:2)
  A howler monkey zombie (D:5)
  8 adders
  6 gnolls
  A worker ant zombie (D:5)
  A river rat (Sewer)
  2 worms
  4 leopard geckos
  15 orcs
  5 giant cockroaches
  14 goblins
  13 hobgoblins
  8 jackals
  15 kobolds
  2 quokkas
  2 ball pythons
  7 bats
  3 frilled lizards
  A quokka skeleton (D:5)
  11 rats
  A fungus (D:1)
154 creatures vanquished.

Notes
Turn   | Place    | Note
-------+----------+-------------------------------------------
     0 | D:1      | misty the Minotaur Berserker began the quest for the Orb.
     0 | D:1      | Reached XP level 1. HP: 19/19 MP: 0/0
   175 | D:1      | Reached XP level 2. HP: 18/27 MP: 1/1
   242 | D:1      | Reached skill level 4 in Maces & Flails
   930 | D:2      | Noticed Robin
   939 | D:2      | Reached ** piety under Trog
   941 | D:1      | Reached XP level 3. HP: 32/33 MP: 2/2
   964 | D:2      | Killed Robin
  1160 | D:2      | Reached XP level 4. HP: 41/41 MP: 3/3
  1266 | D:2      | Noticed Jessica
  1267 | D:2      | Noticed Ijyb
  1274 | D:2      | Killed Jessica
  1274 | D:2      | Reached skill level 5 in Maces & Flails
  1277 | D:2      | Killed Ijyb
  1277 | D:2      | Reached XP level 5. HP: 47/47 MP: 4/4
  1535 | D:3      | Reached *** piety under Trog
  1908 | D:4      | Noticed Eustachio
  2110 | D:4      | Found a hide-covered altar of Uskayaw.
  2136 | D:4      | Found a basalt altar of Yredelemnul.
  2202 | D:4      | Killed Eustachio
  2202 | D:4      | Reached skill level 5 in Fighting
  2202 | D:4      | Reached skill level 6 in Maces & Flails
  2202 | D:4      | Reached XP level 6. HP: 34/56 MP: 5/5
  2292 | D:4      | Noticed Reinor's ghost (novice DsAE)
  2311 | D:4      | Killed Reinor's ghost
  2311 | D:4      | Reached skill level 7 in Maces & Flails
  2311 | D:4      | Reached skill level 5 in Armour
  2311 | D:4      | Reached XP level 7. HP: 61/61 MP: 6/6
  2410 | D:4      | Reached skill level 8 in Maces & Flails
  2588 | D:4      | Noticed Sigmund
  2597 | D:4      | Killed Sigmund
  2700 | D:4      | Got a fine graven amulet
  2705 | D:4      | Identified the amulet "Azaunoamn" {Inacc Int+2} (You found it on level 4 of the Dungeon)
  2788 | D:5      | Entered Level 5 of the Dungeon
  2793 | D:5      | Reached skill level 9 in Maces & Flails
  2793 | D:5      | Reached XP level 8. HP: 70/70 MP: 7/7
  3199 | D:5      | Reached skill level 10 in Maces & Flails
  3199 | D:5      | Reached skill level 1 in Stealth
  3265 | D:5      | Reached **** piety under Trog
  3427 | D:6      | Found a staircase to the Ecumenical Temple.
  3453 | Temple   | Entered the Ecumenical Temple
  3707 | D:6      | Found a glowing drain.
  3750 | Sewer    | Entered a sewer
  3892 | Sewer    | Found a white marble altar of Elyvilon.
  4058 | D:7      | Reached XP level 9. HP: 79/79 MP: 8/8
  4107 | D:8      | Reached skill level 11 in Maces & Flails
  4315 | D:8      | Found a hazy altar of Hepliaklqana.
  4348 | D:8      | Noticed Erica
  4358 | D:8      | Killed from afar by Erica

Skill      XL: |  1  2  3  4  5  6  7  8  9 |
---------------+----------------------------+-----
Maces & Flails | 4 5 6 7 9 10 11 | 11.3
Fighting       | 4 5 7 |  7.2
Armour         | 3 4 5 6 |  6.6
Dodging        | 3 |  3.5
Stealth        | 1 |  1.2

Action                   |  1- 3 |  4- 6 |  7- 9 || total
-------------------------+-------+-------+-------++-------
Melee: Mace              |   100 |    61 |       ||   161
       Headbutt          |    14 |    16 |    39 ||    69
       Flail             |       |    59 |   203 ||   262
Invok: Berserk           |     1 |     4 |     5 ||    10
  Use: Potion            |       |     3 |     2 ||     5
       Scroll            |       |       |     4 ||     4
  Eat: Bread ration      |     1 |       |     3 ||     4
       Meat ration       |       |     1 |       ||     1
Armor: Chain mail        |    76 |    88 |   102 ||   266
       Animal skin       |     1 |       |       ||     1
Dodge: Dodged            |    72 |    56 |    84 ||   212
